Map: Torri del crepuscolo

Players

Jhyrachy - Winner!

  • Race: Zerg Zerg
  • League: Gold

Savage

  • Race: Protoss Protoss
  • League: Gold

VOD

Have the link to the VOD?

Description

Time

  • Played on: April 23, 2016, 4:36 p.m.
  • Length: 21:57
Show
View Real Time Build Order
Export as new Build Order

Jhyrachy Zerg - Winner!

Build Orders: Hatch First 

Get SALT Encoding   

  12  0:01  Drone  
  13  0:10  Drone  
  14  0:17  Overlord  
  14  0:35  Drone x3  
  17  0:58  Hatchery, Drone  
  17  1:01  Drone  
  18  1:14  Spawning Pool  
  18  1:16  Drone  
  18  1:19  Extractor  
  18  1:25  Drone  
  18  1:49  Hatchery  
  17  2:03  Queen  
  17  2:05  Drone x2  
  17  2:06  Overlord  
  21  2:14  Queen  
  23  2:18  Zergling x2  
  24  2:27  Drone x2  
  26  2:46  Drone  
  26  2:47  Drone x3  
  30  2:58  Lair  
  30  3:03  Queen  
  32  3:34  Drone x2  
  32  3:35  Drone x5  
  32  3:36  Drone  
  39  3:43  Extractor  
  38  3:53  Queen  
  40  3:58  Extractor  
  40  4:00  Extractor  
  38  4:03  Spire  
  37  4:12  Spore Crawler  
  36  4:17  Spore Crawler  
  35  4:37  Drone x3  
  35  4:38  Drone x4  
  42  4:54  Overlord x3  
  42  4:55  Overlord  
  42  4:59  Pneumatized Carapace  
  42  5:23  Drone x5  
  42  5:24  Drone x3  
  42  5:25  Overlord x4  
  50  5:40  Mutalisk x3  
  50  5:41  Mutalisk x4  
  64  5:54  Overseer  
  65  6:04  Drone x4  
  65  6:05  Drone  
  65  6:07  Drone x2  
  65  6:08  Drone x6  
  65  6:09  Drone x2  
  79  6:15  Extractor  
  79  6:16  Extractor  
  77  6:20  Spore Crawler  
  76  6:26  Drone x5  
  81  6:50  Overlord x4  
  81  6:51  Mutalisk x5  
  91  7:24  Drone x5  
  91  7:25  Drone x2  
  98  7:53  Mutalisk  
  98  7:54  Mutalisk x9  
  118  8:28  Mutalisk x2  
  122  8:54  Hatchery  
  121  9:04  Hatchery  
  112  9:43  Overlord x5  
  112  9:52  Roach Warren  
  95  10:26  Corruptor x13  
  95  10:27  Corruptor x10  
  135  10:35  Queen  
  129  10:37  Queen  
  131  10:46  Roach  
  131  10:47  Roach x8  
  149  11:18  Extractor  
  130  12:22  Roach x10  
  156  12:23  Roach x4  
  156  12:24  Overlord x2  
  156  12:25  Overlord x2  
  158  12:33  Overlord x4  
  144  13:33  Ravager  
  144  13:34  Ravager x13  
  156  13:36  Ravager  
  156  13:37  Ravager x8  
  167  14:09  Infestation Pit  
  87  15:59  Corruptor x3  
  87  16:00  Corruptor x27  
  141  16:05  Zergling x2  
  141  16:06  Zergling x10  
  147  16:12  Hive  
  147  16:15  Drone  
  147  16:16  Drone x3  
  151  16:20  Extractor  
  150  16:38  Extractor  
  103  17:45  Queen  
  103  17:47  Zergling x2  
  103  17:48  Zergling x44  
  103  17:49  Zergling x2  
  103  17:50  Metabolic Boost  
  114  19:09  Adrenal Glands  
  86  19:45  Zergling x2  
  86  19:46  Zergling x28  
  86  19:47  Zergling x24  
Show
View Real Time Build Order
Export as new Build Order

Savage Protoss 

Build Orders:  

Get SALT Encoding   

  12  0:01  Probe (Chrono Boost)  
  13  0:11  Probe (Chrono Boost)  
  14  0:21  Pylon  
  14  0:22  Probe (Chrono Boost)  
  15  0:40  Probe (Chrono Boost)  
  16  0:44  Gateway  
  16  0:51  Forge  
  16  0:53  Probe (Chrono Boost)  
  18  1:04  Probe (Chrono Boost)  
  18  1:05  Assimilator  
  18  1:14  Probe (Chrono Boost)  
  19  1:20  Assimilator  
  19  1:30  Photon Cannon  
  19  1:31  Probe (Chrono Boost)  
  20  1:40  Pylon  
  20  1:41  Probe (Chrono Boost)  
  21  1:52  Probe (Chrono Boost)  
  22  2:01  Cybernetics Core  
  22  2:02  Probe (Chrono Boost)  
  23  2:18  Photon Cannon  
  23  2:35  Nexus  
  25  2:45  Mothership Core (Chrono Boost)  
  25  2:55  Robotics Facility  
  25  3:03  Probe (Chrono Boost), Stalker  
  28  3:24  Probe (Chrono Boost)  
  29  3:29  Stargate  
  29  3:33  Pylon  
  29  3:34  Probe (Chrono Boost)  
  30  3:45  Probe (Chrono Boost)  
  30  3:48  Probe (Chrono Boost)  
  32  3:53  Assimilator  
  33  3:55  Probe (Chrono Boost)  
  33  3:57  Assimilator  
  33  3:58  Probe (Chrono Boost)  
  33  3:59  Pylon  
  34  4:06  Probe (Chrono Boost)  
  34  4:09  Probe (Chrono Boost)  
  36  4:15  Warp Prism  
  36  4:16  Probe (Chrono Boost)  
  39  4:20  Phoenix  
  41  4:26  Stalker  
  43  4:57  Probe x2 (Chrono Boost)  
  45  5:28  Fleet Beacon  
  45  5:29  Oracle  
  48  5:36  Nexus  
  48  5:38  Pylon  
  48  5:42  Pylon  
  48  5:46  Assimilator, Stalker  
  48  5:48  Assimilator  
  48  5:49  Immortal  
  54  6:00  Pylon  
  54  6:02  Pylon  
  54  6:03  Pylon  
  54  6:16  Photon Cannon  
  54  6:18  Photon Cannon x2  
  54  6:22  Probe x2 (Chrono Boost), Photon Cannon  
  56  6:33  Probe (Chrono Boost)  
  56  6:34  Probe (Chrono Boost)  
  58  6:43  Photon Cannon  
  58  6:44  Probe x2 (Chrono Boost)  
  58  6:46  Photon Cannon x2  
  60  6:48  Photon Cannon  
  60  7:05  Phoenix  
  62  7:09  Stalker  
  64  7:18  Pylon  
  64  7:21  Pylon  
  64  7:23  Pylon  
  64  7:25  Pylon x2  
  64  7:30  Phoenix  
  66  7:48  Probe (Chrono Boost)  
  67  7:54  Photon Cannon  
  67  7:58  Photon Cannon  
  67  7:59  Probe (Chrono Boost)  
  67  8:01  Photon Cannon  
  67  8:05  Photon Cannon  
  68  8:09  Probe (Chrono Boost)  
  70  8:20  Phoenix, Probe (Chrono Boost)  
  70  8:27  Stargate  
  72  8:29  Stargate  
  72  8:30  Probe (Chrono Boost)  
  73  8:43  Anion Pulse-Crystals  
  73  8:45  Phoenix  
  75  9:02  Probe (Chrono Boost)  
  70  9:12  Phoenix x3  
  70  9:13  Probe (Chrono Boost)  
  71  9:23  Probe (Chrono Boost)  
  57  9:34  Probe (Chrono Boost)  
  57  9:37  Phoenix x3  
  62  9:44  Probe (Chrono Boost)  
  63  9:51  Pylon  
  60  9:52  Pylon  
  53  10:02  Phoenix x3  
  54  10:42  Carrier x3  
  66  10:46  Probe (Chrono Boost)  
  73  10:56  Probe (Chrono Boost)  
  74  11:07  Probe (Chrono Boost)  
  74  11:10  Protoss Shields Level 1  
  75  11:12  Protoss Air Weapons Level 1 (Chrono Boost)  
  75  11:17  Probe (Chrono Boost), Graviton Catapult  
  76  11:28  Probe (Chrono Boost)  
  73  12:14  Nexus  
  75  12:22  Mothership Core (Chrono Boost)  
  75  12:24  Tempest  
  75  12:25  Tempest x2  
  83  13:14  Tempest x2  
  83  13:15  Tempest  
  95  13:59  Nexus  
  89  16:00  Tempest x3  
  101  16:23  Pylon  
  101  16:24  Pylon  
  101  16:25  Pylon  
  101  16:27  Pylon  
  101  16:28  Pylon  
  101  16:39  Probe  
  101  16:41  Immortal  
  102  16:50  Probe  
  93  17:01  Phoenix x3, Probe  
  80  17:11  Probe  
  69  17:22  Probe  
  67  17:26  Phoenix x3  
  73  17:32  Probe  
  70  17:43  Probe  
  62  17:51  Phoenix x3  
  67  17:53  Probe  
  67  17:56  Assimilator  
  70  18:01  Assimilator  
  70  18:03  Probe  
  70  18:04  Probe  
  72  18:13  Probe  
  72  18:14  Probe  
  72  18:16  Phoenix x3  
  80  18:24  Probe  
  80  18:25  Probe  
  82  18:27  Nexus  
  82  18:29  Pylon  
  82  18:31  Pylon  
  82  18:34  Probe  
  82  18:35  Probe  
  84  18:45  Probe  
  64  19:26  Mothership Core  
  52  20:43  Pylon x2  
  52  20:52  Probe  
  52  21:02  Probe  
  49  21:13  Probe  
  39  21:21  Forge  
  39  21:23  Probe, Pylon  
  39  21:24  Pylon  
  35  21:28  Gateway  
  35  21:29  Gateway  
  35  21:31  Gateway  
  35  21:32  Gateway  
  35  21:34  Probe  
  35  21:40  Gateway  
  35  21:43  Pylon  
  35  21:46  Pylon  
  28  21:48  Pylon  
Tags
 
Add a new tag
Caveats
  • Supply blocks, unpowered buildings, or Contaminate may cause inaccurate times.
  • Supply counts are checked every 10 seconds.